Map: Dead of Night

Players

wasp

  • Race: Protoss Protoss
  • Spawn Location: 0:00

NamroodTuo

  • Race: Zerg Zerg

VOD

Have the link to the VOD?

Description

Time

  • Played on: June 13, 2023, 1:39 p.m.
  • Length: 34:07
Show
View Real Time Build Order
Export as new Build Order

wasp Protoss 

Build Orders:  

Get SALT Encoding   

  12  0:03  Probe (Chrono Boost)  
  13  0:15  Probe (Chrono Boost)  
  14  0:30  Pylon  
  14  0:40  Pylon  
  14  1:02  Forge  
  14  1:06  Probe (Chrono Boost)  
  15  1:18  Probe (Chrono Boost)  
  15  1:27  Assimilator  
  16  1:30  Probe (Chrono Boost)  
  16  1:33  Assimilator  
  17  1:42  Probe (Chrono Boost)  
  18  1:56  Pylon  
  18  2:09  Pylon  
  18  2:17  Pylon  
  18  2:23  Pylon  
  18  2:53  Photon Cannon  
  18  2:56  Photon Cannon  
  18  2:59  Photon Cannon  
  18  3:12  Pylon  
  18  3:16  Pylon  
  18  3:23  Probe (Chrono Boost)  
  19  3:35  Probe (Chrono Boost)  
  20  3:47  Probe (Chrono Boost)  
  20  3:48  Photon Cannon  
  20  3:59  Probe (Chrono Boost)  
  18  4:11  Probe (Chrono Boost)  
  18  4:13  Photon Cannon  
  18  4:40  Photon Cannon  
  18  4:46  Photon Cannon  
  18  4:59  Photon Cannon  
  18  5:03  Photon Cannon  
  18  5:05  Probe (Chrono Boost)  
  18  5:07  Probe (Chrono Boost)  
  18  5:10  Probe (Chrono Boost)  
  18  5:12  Probe (Chrono Boost)  
  18  5:15  Probe (Chrono Boost)  
  18  5:17  Probe (Chrono Boost)  
  18  5:19  Probe (Chrono Boost)  
  19  5:22  Probe (Chrono Boost)  
  19  5:26  Probe (Chrono Boost)  
  27  6:34  Khaydarin Monolith  
  27  6:40  Khaydarin Monolith  
  27  6:48  Pylon  
  27  7:07  Photon Cannon  
  27  7:09  Photon Cannon x2  
  27  7:58  Khaydarin Monolith  
  27  8:01  Khaydarin Monolith  
  27  8:04  Probe (Chrono Boost)  
  28  8:16  Probe (Chrono Boost)  
  29  8:28  Probe (Chrono Boost)  
  29  8:30  Assimilator  
  30  8:40  Probe (Chrono Boost)  
  31  8:52  Probe (Chrono Boost)  
  32  9:03  Khaydarin Monolith  
  32  9:04  Probe (Chrono Boost)  
  32  9:09  Khaydarin Monolith  
  33  9:16  Probe (Chrono Boost)  
  34  9:24  Pylon  
  34  9:37  Pylon  
  34  9:54  Probe (Chrono Boost)  
  34  9:57  Probe (Chrono Boost)  
  34  9:59  Probe (Chrono Boost)  
  34  10:01  Probe (Chrono Boost)  
  34  10:04  Probe (Chrono Boost)  
  34  10:06  Probe (Chrono Boost)  
  34  10:08  Probe (Chrono Boost)  
  36  10:11  Probe (Chrono Boost)  
  36  10:12  Pylon  
  36  10:15  Pylon  
  42  10:53  Khaydarin Monolith  
  42  11:01  Khaydarin Monolith  
  42  11:10  Khaydarin Monolith  
  42  11:21  Khaydarin Monolith  
  42  11:31  Khaydarin Monolith  
  42  11:50  Khaydarin Monolith  
  42  12:35  Khaydarin Monolith  
  42  12:59  Khaydarin Monolith  
  42  13:25  Photon Cannon  
  42  13:27  Photon Cannon x2  
  42  13:30  Photon Cannon  
  42  13:54  Pylon  
  42  14:41  Khaydarin Monolith  
  42  15:05  Khaydarin Monolith  
  42  15:28  Khaydarin Monolith  
  42  15:45  Khaydarin Monolith  
  42  15:48  Khaydarin Monolith  
  42  16:02  Photon Cannon x2  
  42  16:19  Photon Cannon x2  
  42  16:41  Khaydarin Monolith  
  42  16:52  Pylon  
  42  16:55  Pylon  
  42  17:07  Photon Cannon  
  42  17:30  Khaydarin Monolith  
  42  17:41  Khaydarin Monolith  
  42  17:51  Khaydarin Monolith  
  42  17:56  Photon Cannon x2  
  42  18:00  Photon Cannon  
  42  18:06  Photon Cannon  
  42  18:35  Khaydarin Monolith  
  42  19:43  Khaydarin Monolith  
  42  19:52  Khaydarin Monolith  
  41  21:58  Gateway  
  41  22:58  Khaydarin Monolith  
  41  23:01  Khaydarin Monolith  
  41  23:07  Khaydarin Monolith  
  41  23:08  Khaydarin Monolith  
  41  23:26  Khaydarin Monolith  
  41  23:35  Khaydarin Monolith x2  
  41  23:56  Khaydarin Monolith  
  41  24:04  Shield Battery  
  41  24:11  Shield Battery  
  41  24:20  Shield Battery  
  41  24:51  Shield Battery  
  41  25:03  Shield Battery  
  41  25:32  Shield Battery  
  41  25:42  Solar Efficiency Level 1  
  41  25:44  Shield Battery  
  41  26:25  Cybernetics Core  
  41  27:25  Robotics Facility x2  
  41  28:03  Pylon  
  41  28:12  Pylon  
  41  28:15  Pylon  
  41  29:40  Immortal x2  
  41  29:49  Immortal x2  
  41  30:00  Sentinel  
  41  30:07  Sentinel  
  49  30:30  Immortal x2  
  49  30:35  Sentinel  
  71  31:08  Sentinel  
  71  31:18  Immortal x2  
  81  31:41  Sentinel  
  83  32:06  Immortal x2  
Show
View Real Time Build Order
Export as new Build Order

NamroodTuo Zerg 

Build Orders:  

Get SALT Encoding   

  12  0:05  Infested SCV  
  13  0:26  Infested Barracks  
  13  0:34  Infested SCV  
  13  0:38  Infested SCV  
  15  0:50  Overlord  
  15  1:13  Infestation Level 1  
  15  1:14  Infested SCV, Infested Refinery  
  16  1:35  Infested SCV  
  17  1:41  Infested SCV  
  18  1:51  Overlord  
  18  2:05  Infested SCV  
  18  2:08  Infested SCV  
  20  2:14  Overlord  
  20  2:20  Infested SCV  
  21  2:58  Infested Bunker  
  25  3:02  Infested SCV  
  25  3:04  Infested SCV  
  25  3:05  Anaerobic Enhancement  
  27  3:24  Infested Refinery  
  27  3:25  Infested SCV  
  27  3:29  Infested SCV  
  29  3:37  Overlord  
  29  3:49  Infested SCV  
  30  4:39  Infested SCV  
  31  4:40  Infested SCV  
  31  4:41  Overlord  
  31  4:42  Infested SCV  
  31  4:43  Infested SCV  
  31  4:44  Infested Engineering Bay  
  34  5:11  Infested Refinery  
  34  5:13  Overlord, Infested SCV  
  34  5:18  Infested Barracks Tech Lab  
  35  5:28  Unknown, Infestation Level 2  
  35  5:31  Infested Factory  
  35  5:36  Infested SCV  
  35  5:37  Infested SCV  
  35  5:38  Infested SCV x3  
  40  5:54  Stukov Infantry Weapons Level 1, Retinal Augmentation  
  40  6:19  Infested SCV  
  41  6:20  Overlord, Infested SCV  
  41  6:29  Infested SCV  
  43  6:43  Infested Missile Turret  
  43  7:12  Infested SCV x2  
  43  7:13  Infested SCV  
  43  7:17  Broodling Gestation  
  46  7:21  Infested Bunker  
  50  7:36  Stukov Infantry Armor Level 1  
  50  7:46  Infested Factory Tech Lab  
  50  7:54  Overseer x5  
  50  7:59  Overseer x2  
  50  8:02  Overlord  
  50  8:03  Overlord x2  
  50  8:05  Overlord  
  50  8:27  Infested Bunker  
  54  9:08  Automated Mitosis  
  54  9:15  Infested Bunker  
  58  9:27  Regenerative Plating  
  58  9:29  Infested Armory  
  58  10:00  Stukov Infantry Weapons Level 2  
  58  10:04  Infested Missile Turret  
  58  10:23  Overlord x3  
  58  10:24  Overlord x2  
  58  10:37  Infested Bunker  
  66  11:06  Infested Siege Tank x3  
  71  11:40  Infested Bunker  
  75  12:15  Infested Bunker  
  79  12:37  Aggressive Incubation  
  79  12:45  Infested Bunker  
  79  12:46  Overlord x2  
  79  12:47  Overlord x2  
  79  12:48  Infested SCV  
  84  13:30  Stukov Infantry Weapons Level 3  
  84  13:38  Infested Missile Turret  
  84  13:39  Infestation Level 3  
  84  13:42  Stukov Vehicle and Ship Armor Level 1  
  84  14:10  Infested Bunker  
  84  14:26  Infested Bunker  
  88  14:58  Infested Missile Turret  
  88  15:22  Infested Bunker  
  88  15:29  Infested Siege Tank  
  91  15:31  Infested Siege Tank  
  98  16:01  Stukov Vehicle and Ship Weapons Level 1  
  98  16:02  Infested Bunker  
  98  16:13  Infested Missile Turret  
  98  16:22  Infested Siege Tank x2  
  104  16:43  Infested Missile Turret  
  104  16:45  Stukov Infantry Armor Level 2  
  108  17:31  Infested Bunker  
  108  17:35  Infested Bunker  
  112  18:16  Stukov Vehicle and Ship Armor Level 2  
  112  19:00  Infested Siege Tank x2  
  112  19:01  Infested Siege Tank x3  
  131  19:15  Infested Bunker x2  
  135  19:34  Overlord  
  135  19:35  Overlord x3  
  135  19:48  Calcified Armor  
  135  21:01  Stukov Vehicle and Ship Weapons Level 2  
  135  21:34  Infested Missile Turret  
  135  21:50  Infested Missile Turret  
  135  22:17  Stukov Infantry Armor Level 3  
  135  22:19  Overlord x4  
  135  22:20  Overlord  
  135  22:24  Overseer x2  
  135  22:25  Overseer x5  
  135  23:42  Stukov Vehicle and Ship Armor Level 3  
  135  24:37  Overseer x4  
  135  24:38  Overseer x2  
  135  26:48  Stukov Vehicle and Ship Weapons Level 3  
  139  26:52  Infested Bunker  
  143  27:02  Infested Bunker  
  143  27:11  Infested Missile Turret  
  143  27:41  Infested Barracks  
  143  28:05  Infested Barracks  
  143  32:18  Acidic Enzymes  
  143  32:23  Plagued Munitions  
Tags
 
Commander
KaraxStukov
Matchup
Co-op
Replay Pack
Multiplayer
Add a new tag
Caveats
  • Supply blocks, unpowered buildings, or Contaminate may cause inaccurate times.
  • Supply counts are checked every 10 seconds.